| TOP OF THE 1ST |
|
Akron RubberDucks batting - Pitching for Northwest Arkansas Naturals : RHP Kevin Tumbleson
|
|
Pitching: RHP Kevin Tumbleson
|
|
|
Batting: RHB Solange Le Coq
|
0-0: Ground out 6-3 (Groundball, 6, EV 84.4 MPH)
|
|
Batting: RHB Kaoru Toda
|
0-0: Called Strike 0-1: Ball 1-1: SINGLE (Groundball, 34D, EV 95.0 MPH)
|
|
Batting: SHB Valentin Laporte
|
0-0: Called Strike Kaoru Toda steals 2nd base 0-1: Ball 1-1: Foul Ball, location: 2F 1-2: Ball 2-2: Ball 3-2: Fly out, F8 (Line Drive, 8RD, EV 103.8 MPH) Runner from 2nd tags up, SAFE at 3rd with throw by CF
|
|
Batting: LHB Frank Hill
|
0-0: Called Strike 0-1: Ball 1-1: Fly out, F9 (Flyball, 89S, EV 86.2 MPH)
|
| Top of the 1st over - 0 runs, 1 hit, 0 errors, 1 left on base; Akron 0 - Northwest Arkansas 0 |
| BOTTOM OF THE 1ST |
|
Northwest Arkansas Naturals batting - Pitching for Akron RubberDucks : LHP Zach Masengill
|
|
Pitching: LHP Zach Masengill
|
|
|
Batting: SHB Ryoji Hiraoka
|
0-0: Ball 1-0: DOUBLE (Line Drive, 7LD, EV 99.4 MPH)
|
|
Batting: RHB Kazuki Arai
|
0-0: Ball 1-0: Ball 2-0: Ball 3-0: Called Strike 3-1: Called Strike 3-2: Strikes out swinging
|
|
Batting: RHB William Lung
|
0-0: Foul Ball, location: 2F 0-1: Ball 1-1: Foul Ball, location: 2F 1-2: Fly out, F7 (Flyball, 7, EV 76.9 MPH)
|
|
Batting: RHB Alex Cid
|
0-0: Called Strike 0-1: Ball 1-1: Ball 2-1: SINGLE (Groundball, 25, EV 67.5 MPH) (infield hit) Ryoji Hiraoka to third
|
|
Batting: RHB Edwin Ramos
|
0-0: Called Strike 0-1: Ball 1-1: Ball 2-1: Ball 3-1: Called Strike 3-2: Ground out 1-3 (Groundball, 15S, EV 71.9 MPH)
|
| Bottom of the 1st over - 0 runs, 2 hits, 0 errors, 2 left on base; Akron 0 - Northwest Arkansas 0 |
| TOP OF THE 2ND |
|
Akron RubberDucks batting - Pitching for Northwest Arkansas Naturals : RHP Kevin Tumbleson
|
|
Batting: LHB Esteban Cordova
|
0-0: Called Strike 0-1: SINGLE (Groundball, 4MD, EV 98.1 MPH)
|
|
Batting: LHB Robby Dann
|
0-0: Ball 1-0: Ball 2-0: Ball 3-0: Called Strike 3-1: Fielders Choice at 2nd, 4-6 (Groundball, 4, EV 104.4 MPH)
|
|
Batting: RHB Mitch Boyd
|
0-0: Ball Robby Dann steals 2nd base 1-0: Ball 2-0: Ground out 5-3 (Groundball, 56, EV 84.4 MPH)
|
|
Batting: RHB Jose Valtierra
|
0-0: Ball 1-0: Ball 2-0: Ball 3-0: Base on Balls
|
|
Pitching: RHP Matthew Orphan
|
|
|
Batting: SHB Javon Mitchell
|
0-0: Foul Ball, location: 2F 0-1: Ball 1-1: Ball 2-1: Foul Ball, location: 2F 2-2: Foul Ball, location: 2F 2-2: Foul Ball, location: 2F 2-2: Strikes out swinging
|
| Top of the 2nd over - 0 runs, 1 hit, 0 errors, 2 left on base; Akron 0 - Northwest Arkansas 0 |
| BOTTOM OF THE 2ND |
|
Northwest Arkansas Naturals batting - Pitching for Akron RubberDucks : LHP Zach Masengill
|
|
Batting: RHB Chad Sullivan
|
0-0: Ball 1-0: Called Strike 1-1: Called Strike 1-2: Ball 2-2: Ball 3-2: Fly out, F4 (Popup, 34S, EV 68.1 MPH)
|
|
Batting: RHB Eric Erickson
|
0-0: Swinging Strike 0-1: Foul Ball, location: 2F 0-2: Ball 1-2: Strikes out swinging
|
|
Batting: SHB Danny Ballenger
|
0-0: Ball 1-0: Called Strike 1-1: Called Strike 1-2: Ground out 3-1 (Groundball, 34, EV 104.4 MPH)
|
| Bottom of the 2nd over - 0 runs, 0 hits, 0 errors, 0 left on base; Akron 0 - Northwest Arkansas 0 |
| TOP OF THE 3RD |
|
Akron RubberDucks batting - Pitching for Northwest Arkansas Naturals : RHP Matthew Orphan
|
|
Batting: RHB Solange Le Coq
|
0-0: Ball 1-0: Ball 2-0: Ground out 6-3 (Groundball, 6, EV 84.4 MPH)
|
|
Batting: RHB Kaoru Toda
|
0-0: Foul Ball, location: 2F 0-1: Ground out 6-3 (Groundball, 6, EV 85.0 MPH)
|
|
Batting: SHB Valentin Laporte
|
0-0: Foul Ball, location: 2F 0-1: Swinging Strike 0-2: Ball 1-2: Foul Ball, location: 2F 1-2: Foul Ball, location: 2F 1-2: SINGLE (Line Drive, 78S, EV 105.0 MPH)
|
|
Pitching: RHP John Barnett
|
|
|
Batting: LHB Frank Hill
|
0-0: Called Strike 0-1: Ball 1-1: Foul Ball, location: 2F 1-2: Foul Ball, location: 2F 1-2: Ball 2-2: Ball Valentin Laporte steals 2nd base 3-2: Foul Ball, location: 2F 3-2: Foul Ball, location: 2F 3-2: 2-RUN HOME RUN (Flyball, 7D, EV 97.5 MPH), Distance : 377 ft
|
|
Batting: LHB Esteban Cordova
|
0-0: Ball 1-0: Ground out 5-3 (Groundball, 56, EV 107.5 MPH)
|
| Top of the 3rd over - 2 runs, 2 hits, 0 errors, 0 left on base; Akron 2 - Northwest Arkansas 0 |
| BOTTOM OF THE 3RD |
|
Northwest Arkansas Naturals batting - Pitching for Akron RubberDucks : LHP Zach Masengill
|
|
Batting: RHB Gabe Ochoa
|
0-0: Ground out U3 (Groundball, 34S, EV 82.5 MPH)
|
|
Batting: SHB Ryoji Hiraoka
|
0-0: Foul Ball, location: 2F 0-1: Ball 1-1: SINGLE (Line Drive, 78S, EV 103.8 MPH)
|
|
Batting: RHB Kazuki Arai
|
0-0: Foul Ball, location: 2F 0-1: Called Strike Ryoji Hiraoka is caught stealing 2nd base 2-4 0-2: Ball 1-2: Foul Ball, location: 2F 1-2: Ball 2-2: Strikes out looking
|
| Bottom of the 3rd over - 0 runs, 1 hit, 0 errors, 0 left on base; Akron 2 - Northwest Arkansas 0 |
| TOP OF THE 4TH |
|
Akron RubberDucks batting - Pitching for Northwest Arkansas Naturals : RHP John Barnett
|
|
Batting: LHB Robby Dann
|
0-0: Ball 1-0: Ball 2-0: SINGLE (Groundball, 56S, EV 70.6 MPH) (infield hit)
|
|
Batting: RHB Mitch Boyd
|
0-0: Ball 1-0: Called Strike Robby Dann steals 2nd base (no throw) 1-1: Foul Ball, location: 2F 1-2: Foul Ball, location: 2F 1-2: Fly out, F8 (Flyball, 8RD, EV 87.5 MPH)
|
|
Pitching: RHP Justin Nipper
|
|
|
Batting: RHB Jose Valtierra
|
0-0: Called Strike Robby Dann steals 3rd base 0-1: Foul Ball, location: 2F 0-2: Strikes out looking
|
|
Batting: SHB Javon Mitchell
|
0-0: Ball 1-0: Ball 2-0: Fly out, F4 (Popup, 4, EV 55.0 MPH)
|
| Top of the 4th over - 0 runs, 1 hit, 0 errors, 1 left on base; Akron 2 - Northwest Arkansas 0 |
| BOTTOM OF THE 4TH |
|
Northwest Arkansas Naturals batting - Pitching for Akron RubberDucks : LHP Zach Masengill
|
|
Batting: RHB William Lung
|
0-0: Ball 1-0: Ball 2-0: Called Strike 2-1: DOUBLE (Groundball, 5L, EV 104.4 MPH)
|
|
Batting: RHB Alex Cid
|
0-0: Called Strike 0-1: Swinging Strike 0-2: Strikes out looking
|
|
Batting: RHB Edwin Ramos
|
0-0: Foul Ball, location: 2F 0-1: Ball 1-1: Swinging Strike 1-2: Strikes out looking
|
|
Batting: RHB Chad Sullivan
|
0-0: Ball 1-0: Ball 2-0: Called Strike 2-1: Ground out 5-3 (Groundball, 56S, EV 65.0 MPH)
|
| Bottom of the 4th over - 0 runs, 1 hit, 0 errors, 1 left on base; Akron 2 - Northwest Arkansas 0 |
| TOP OF THE 5TH |
|
Akron RubberDucks batting - Pitching for Northwest Arkansas Naturals : RHP Justin Nipper
|
|
Batting: RHB Solange Le Coq
|
0-0: Called Strike 0-1: Swinging Strike 0-2: Strikes out swinging
|
|
Batting: RHB Kaoru Toda
|
0-0: Ball 1-0: Ball 2-0: Foul Ball, location: 2F 2-1: Foul Ball, location: 2F 2-2: Reached on error, E5 (Groundball, 5, EV 94.4 MPH)
|
|
Batting: SHB Valentin Laporte
|
0-0: Ball Kaoru Toda steals 2nd base (no throw) 1-0: Foul Ball, location: 2F 1-1: Ball 2-1: SINGLE (Line Drive, 9S, EV 105.0 MPH) Kaoru Toda to third
|
|
Pitching: RHP Junsuke Abe
|
|
|
Batting: LHB Frank Hill
|
0-0: Called Strike Valentin Laporte steals 2nd base 0-1: Fly out, F7 (Line Drive, 78M, EV 91.9 MPH)
|
|
Batting: LHB Esteban Cordova
|
0-0: Foul Ball, location: 2F 0-1: Called Strike 0-2: Ball 1-2: Ball 2-2: Ground out 4-3 (Groundball, 4, EV 88.8 MPH)
|
| Top of the 5th over - 0 runs, 1 hit, 1 error, 2 left on base; Akron 2 - Northwest Arkansas 0 |
| BOTTOM OF THE 5TH |
|
Northwest Arkansas Naturals batting - Pitching for Akron RubberDucks : LHP Zach Masengill
|
|
Batting: RHB Eric Erickson
|
0-0: Ball 1-0: Ball 2-0: Called Strike 2-1: Foul Ball, location: 2F 2-2: Strikes out swinging
|
|
Batting: SHB Danny Ballenger
|
0-0: Called Strike 0-1: Foul Ball, location: 2F 0-2: Foul Ball, location: 2F 0-2: Foul Ball, location: 2F 0-2: Ball 1-2: Foul Ball, location: 2F 1-2: Fly out, F9 (Flyball, 9LS, EV 92.5 MPH)
|
|
Batting: RHB Gabe Ochoa
|
0-0: Swinging Strike 0-1: Called Strike 0-2: Ball 1-2: Ball 2-2: Ground out 6-3 (Groundball, 6, EV 83.1 MPH)
|
| Bottom of the 5th over - 0 runs, 0 hits, 0 errors, 0 left on base; Akron 2 - Northwest Arkansas 0 |
| TOP OF THE 6TH |
|
Akron RubberDucks batting - Pitching for Northwest Arkansas Naturals : RHP Junsuke Abe
|
|
Batting: LHB Robby Dann
|
0-0: Ball 1-0: Called Strike 1-1: Called Strike 1-2: Foul Ball, location: 2F 1-2: Fly out, F7 (Line Drive, 7, EV 92.5 MPH)
|
|
Batting: RHB Mitch Boyd
|
0-0: Ball 1-0: Fly out, F8 (Flyball, 78S, EV 94.4 MPH)
|
|
Batting: RHB Jose Valtierra
|
0-0: Called Strike 0-1: Swinging Strike 0-2: Ball 1-2: Foul Ball, location: 2F 1-2: Ball 2-2: Foul Ball, location: 2F 2-2: Ball 3-2: SOLO HOME RUN (Flyball, 7D, EV 97.5 MPH), Distance : 386 ft
|
|
Pitching: RHP Philip Terrell
|
|
|
Batting: SHB Javon Mitchell
|
0-0: Called Strike 0-1: Ball 1-1: Ball 2-1: Ball 3-1: Ground out 4-3 (Groundball, 4M, EV 87.5 MPH)
|
| Top of the 6th over - 1 run, 1 hit, 0 errors, 0 left on base; Akron 3 - Northwest Arkansas 0 |
| BOTTOM OF THE 6TH |
|
Northwest Arkansas Naturals batting - Pitching for Akron RubberDucks : LHP Zach Masengill
|
|
Batting: SHB Ryoji Hiraoka
|
0-0: Called Strike 0-1: Ball 1-1: Foul Ball, location: 2F 1-2: Foul Ball, location: 2F 1-2: Ball 2-2: Strikes out swinging
|
|
Batting: RHB Kazuki Arai
|
0-0: Swinging Strike 0-1: Ground out 6-3 (Groundball, 6, EV 85.0 MPH)
|
|
Batting: RHB William Lung
|
0-0: Called Strike 0-1: Ball 1-1: Ball 2-1: Ball 3-1: Base on Balls
|
|
Batting: RHB Alex Cid
|
0-0: Ball 1-0: Ball 2-0: Called Strike 2-1: Called Strike 2-2: Ball 3-2: Strikes out swinging
|
| Bottom of the 6th over - 0 runs, 0 hits, 0 errors, 1 left on base; Akron 3 - Northwest Arkansas 0 |
| TOP OF THE 7TH |
|
Akron RubberDucks batting - Pitching for Northwest Arkansas Naturals : RHP Philip Terrell
|
|
Batting: RHB Solange Le Coq
|
0-0: Ball 1-0: Ground out 6-3 (Groundball, 6, EV 86.2 MPH)
|
|
Batting: RHB Kaoru Toda
|
0-0: Ball 1-0: Ground out 5-3 (Groundball, 56S, EV 85.6 MPH)
|
|
Batting: SHB Valentin Laporte
|
0-0: Ball 1-0: Foul Ball, location: 2F 1-1: Ball 2-1: SINGLE (Groundball, 6MD, EV 107.5 MPH)
|
|
Batting: LHB Frank Hill
|
0-0: Called Strike 0-1: Ball 1-1: Called Strike Valentin Laporte is caught stealing 2nd base 2-6
|
| Top of the 7th over - 0 runs, 1 hit, 0 errors, 0 left on base; Akron 3 - Northwest Arkansas 0 |
| BOTTOM OF THE 7TH |
|
Northwest Arkansas Naturals batting - Pitching for Akron RubberDucks : LHP Zach Masengill
|
|
Now at 1B: Willie Gonzales
|
|
|
Batting: RHB Edwin Ramos
|
0-0: Ball 1-0: Ground out 5-3 (Groundball, 56S, EV 65.0 MPH)
|
|
Batting: RHB Chad Sullivan
|
0-0: Foul Ball, location: 2F 0-1: Ball 1-1: Ball 2-1: Foul Ball, location: 2F 2-2: Ball 3-2: Ground out 6-3 (Groundball, 6, EV 89.4 MPH)
|
|
Batting: RHB Eric Erickson
|
0-0: Ball 1-0: Foul Ball, location: 2F 1-1: Swinging Strike 1-2: Strikes out swinging
|
| Bottom of the 7th over - 0 runs, 0 hits, 0 errors, 0 left on base; Akron 3 - Northwest Arkansas 0 |
| TOP OF THE 8TH |
|
Akron RubberDucks batting - Pitching for Northwest Arkansas Naturals : RHP Philip Terrell
|
|
Pitching: RHP Mike Tuck
|
|
|
Batting: LHB Frank Hill
|
0-0: Ground out 4-3 (Groundball, 34, EV 106.2 MPH)
|
|
Batting: LHB Esteban Cordova
|
0-0: Ball 1-0: Fly out, F7 (Flyball, 7S, EV 86.2 MPH)
|
|
Batting: LHB Robby Dann
|
0-0: Ball 1-0: Ball 2-0: Foul Ball, location: 2F 2-1: Called Strike 2-2: Ground out 1-3 (Groundball, 13S, EV 73.1 MPH)
|
| Top of the 8th over - 0 runs, 0 hits, 0 errors, 0 left on base; Akron 3 - Northwest Arkansas 0 |
| BOTTOM OF THE 8TH |
|
Northwest Arkansas Naturals batting - Pitching for Akron RubberDucks : LHP Zach Masengill
|
|
Pitching: LHP Gil Longoria
|
|
|
Batting: SHB Danny Ballenger
|
0-0: Ball 1-0: Called Strike 1-1: Swinging Strike 1-2: Hit by Pitch
|
|
Batting: RHB Gabe Ochoa
|
0-0: Fielders Choice at 2nd, 4-6 (Groundball, 4, EV 103.1 MPH)
|
|
Batting: SHB Ryoji Hiraoka
|
0-0: Called Strike 0-1: Ball 1-1: Swinging Strike 1-2: Ball 2-2: Strikes out looking
|
|
Batting: RHB Kazuki Arai
|
0-0: Called Strike 0-1: Ground out 1-3 (Groundball, P, EV 65.6 MPH)
|
| Bottom of the 8th over - 0 runs, 0 hits, 0 errors, 1 left on base; Akron 3 - Northwest Arkansas 0 |
| TOP OF THE 9TH |
|
Akron RubberDucks batting - Pitching for Northwest Arkansas Naturals : RHP Mike Tuck
|
|
Now at C: Kevin Wimberly
|
|
|
Batting: RHB Mitch Boyd
|
0-0: Ball 1-0: Swinging Strike 1-1: Ball 2-1: Called Strike 2-2: Strikes out looking
|
|
Batting: RHB Jose Valtierra
|
0-0: Ball 1-0: Ball 2-0: Ball 3-0: Base on Balls
|
|
Batting: SHB Javon Mitchell
|
0-0: Ball 1-0: Grounds into double play, 1-4-3 (Groundball, 15S, EV 69.4 MPH)
|
| Top of the 9th over - 0 runs, 0 hits, 0 errors, 0 left on base; Akron 3 - Northwest Arkansas 0 |
| BOTTOM OF THE 9TH |
|
Northwest Arkansas Naturals batting - Pitching for Akron RubberDucks : LHP Gil Longoria
|
|
Pitching: RHP Juan Flores
|
|
|
Batting: RHB William Lung
|
0-0: Ball 1-0: Ball 2-0: Ball 3-0: Called Strike 3-1: Called Strike 3-2: Base on Balls
|
|
Batting: RHB Alex Cid
|
0-0: Ball 1-0: Called Strike 1-1: Fielders Choice at 2nd, 1-6 (Groundball, 13, EV 73.1 MPH)
|
|
Batting: RHB Edwin Ramos
|
0-0: Fielders Choice at 2nd, 6-4 (Groundball, 6M, EV 103.1 MPH)
|
|
Batting: RHB Chad Sullivan
|
0-0: Swinging Strike 0-1: Ball 1-1: Ball 2-1: Foul Ball, location: 2F 2-2: Strikes out swinging
|
| Bottom of the 9th over - 0 runs, 0 hits, 0 errors, 1 left on base; Akron 3 - Northwest Arkansas 0 |
|